 Dungeon Crawl Stone Soup version 0.17-a0-1853-ge1bd2c8 (webtiles) character file.

606 Enish the Grave Robber (level 7, -16/32 HPs)
             Began as a Vine Stalker Necromancer on Sept 19, 2015.
             Demolished by an ogre
             ... wielding a +0 giant club
              (21 damage)
             ... on level 4 of the Dungeon.
             The game lasted 00:11:13 (3003 turns).

Enish the Grave Robber (Vine Stalker Necromancer)   Turns: 3003, Time: 00:11:13

Health: -16/32     AC:  6    Str: 10    XL:     7   Next: 42%
Magic:  0/15       EV: 11    Int: 17    God:
Gold:   123        SH:  0    Dex: 15    Spells: 6 memorised, 3 levels left

rFire  + . .     SeeInvis +     C - +1 hand axe (elec)
rCold  . . .     Clarity  .     e - +3 leather armour {rF+}
rNeg   . . .     SustAt   .     (no shield)
rPois  .         Gourm    .     (no helmet)
rElec  .         Spirit   +     (no cloak)
rCorr  .         Warding  .     (no gloves)
rMut   .         Stasis   .     (no boots)
MR     .....                    (no amulet)
Stlth  ++........               o - +2 ring of slaying
                                i - ring of see invisible

@: very slightly contaminated, not resistant to hostile enchantments, unstealthy
A: fangs 2, regeneration 2, magic shield, antimagic bite, no device heal 3, rot
immunity
a: no special abilities


You were on level 4 of the Dungeon.
You were not hungry.

You visited 1 branch of the dungeon, and saw 4 of its levels.

You collected 123 gold pieces.

Inventory:

Hand weapons
 f - a +1 dagger
 C - a +1 hand axe of electrocution (weapon)
Missiles
 D - 4 tomahawks of returning (quivered)
 E - 2 tomahawks
Armour
 a - a +0 robe
 e - a +3 leather armour of fire resistance (worn)
 y - a +0 buckler
Magical staves
 x - an uncursed staff of earth
Jewellery
 i - a ring of see invisible (left hand)
 o - a +2 ring of slaying (right hand)
 q - an uncursed ring of poison resistance
Scrolls
 d - 3 scrolls of identify
 m - a scroll of remove curse
 p - 2 scrolls of amnesia
 t - 2 scrolls of teleportation
 F - a scroll of immolation {unknown}
Potions
 g - a potion of flight {unknown}
 h - 2 potions of haste
 j - a potion of might {unknown}
 l - a potion of agility {unknown}
 s - a potion of cancellation {unknown}
 u - 2 potions of heal wounds {unknown}
 w - a potion of poison {unknown}
 z - a potion of magic {unknown}
 A - a potion of lignification {unknown}
Books
 b - a book of Necromancy

   Spells                             Type                      Level
   a - Pain                           Necromancy                   1
   b - Animate Skeleton               Necromancy                   1
   c - Vampiric Draining              Necromancy                   3
   d - Regeneration                   Charms/Necromancy            3
   e - Animate Dead                   Necromancy                   4
   f - Control Undead                 Necromancy                   4
 v - a book of Minor Magic

   Spells                             Type                      Level
   a - Magic Dart                     Conjuration                  1
   b - Blink                          Translocation                2
   c - Call Imp                       Summoning                    2
   d - Repel Missiles                 Charms/Air                   2
   e - Slow                           Hexes                        2
   f - Conjure Flame                  Conjuration/Fire             3
   g - Mephitic Cloud                 Conjuration/Poison/Air       3
 B - a book of the Tempests

   Spells                             Type                      Level
   a - Static Discharge               Conjuration/Air              3
   b - Lightning Bolt                 Conjuration/Air              5
   c - Fireball                       Conjuration/Fire             5
   d - Tornado                        Air                          9
   e - Shatter                        Earth                        9
Comestibles
 c - 5 bread rations
 n - a royal jelly


   Skills:
 - Level 1.5 Dodging
 - Level 2.4 Stealth
 + Level 4.7 Spellcasting
 * Level 2.8 Charms
 - Level 7.0 Necromancy


You had 3 spell levels left.
You knew the following spells:

 Your Spells              Type           Power        Failure   Level  Hunger
a - Pain                  Necr           ####         1%          1    None
b - Animate Skeleton      Necr           N/A          1%          1    None
c - Vampiric Draining     Necr           ####......   3%          3    ###....
d - Regeneration          Chrm/Necr      ###.......   10%         3    ###....
e - Blink                 Tloc           N/A          34%         2    #......
f - Repel Missiles        Chrm/Air       #.....       17%         2    #......


Dungeon Overview and Level Annotations

Branches:
Dungeon (4/15)
 Temple: D:4-7

Altars:
Cheibriados
Kikubaaqudgha
Ru


Innate Abilities, Weirdness & Mutations

You have extremely sharp teeth.
You heal very quickly.
When hurt, damage is shared between your health and your magic reserves.
Your bite disrupts and absorbs the magic of your enemies.
Potions and wands cannot restore your health.
You are immune to rotting.


Message History

You hit the ogre.
The ogre is heavily wounded.
The ogre barely misses you.
You barely miss the ogre. You bite the ogre. You drain its power.
You feel invigorated.
The ogre is severely wounded.
The ogre hits you with a giant club!!
Ouch! That really hurt!
* * * LOW HITPOINT WARNING * * *
You hit the ogre. You bite the ogre. You drain its power.
You feel invigorated.
The ogre is almost dead.
The ogre hits you but does no damage.
Casting: Blink
Confirm with . or Enter, or press ? or * to list all spells.
Aiming: Pain
Press: ? - help, Shift-Dir - straight line, f/p - ogre
Aim: an ogre, wielding a giant club (almost dead, chance to defeat MR: 84%)
The ogre convulses in agony!
The ogre hits you with a giant club!!
Ouch! That really hurt!
You die...

#...+.# #...##
#...#.#####.##.##.
#...#........#.#..
#...#.......##.##.
#...##'######...##
#.......#...#.P.#.
#.......'...#...#.
#.O.....#...##.##.
#@......#.........
#...##..##+####...
#...######...####'
#....# #....#....
#...## #....+....
##########'###....
##..#.........
#...'.........
#...#.....###+


You could see an ogre.

Vanquished Creatures
  Sigmund (D:3)
  A water moccasin (D:4)
  A water moccasin skeleton (D:4)
  A hound (D:4)
  An iguana (D:4)
  Terence (D:3)
  3 gnolls (D:3)
  3 adders
  2 oozes (D:1)
  A worm (D:2)
  5 giant geckos
  3 orcs (D:4)
  4 giant cockroaches
  5 hobgoblins
  7 jackals
  9 kobolds
  A quokka (D:2)
  4 bats
  2 giant newts
  6 goblins
  8 rats
69 creatures vanquished.

Vanquished Creatures (collateral kills)
  The ghost of Enish the Tormented, an average VSNe of Kikubaaqudgha (D:4)
  A worker ant (D:4)
2 creatures vanquished.

Grand Total: 71 creatures vanquished

Notes
Turn   | Place    | Note
--------------------------------------------------------------
     0 | D:1      | Enish the Vine Stalker Necromancer began the quest for the Orb.
     0 | D:1      | Reached XP level 1. HP: 9/9 MP: 4/4
    69 | D:1      | Reached XP level 2. HP: 13/13 MP: 3/6
   162 | D:1      | Learned a level 1 spell: Animate Skeleton
   376 | D:1      | Reached XP level 3. HP: 11/16 MP: 7/7
   859 | D:2      | Reached skill level 5 in Necromancy
  1187 | D:2      | Found a snail-covered altar of Cheibriados.
  1203 | D:2      | Reached XP level 4. HP: 19/21 MP: 5/9
  1660 | D:3      | Learned a level 3 spell: Vampiric Draining
  1664 | D:3      | Learned a level 3 spell: Regeneration
  1703 | D:3      | Found a sacrificial altar of Ru.
  1712 | D:3      | Found an ancient bone altar of Kikubaaqudgha.
  1728 | D:3      | Noticed Terence
  1739 | D:3      | Killed Terence
  1917 | D:3      | Your ally Terence died
  1993 | D:3      | Reached XP level 5. HP: 20/24 MP: 4/10
  2118 | D:3      | Noticed Sigmund
  2134 | D:3      | Killed Sigmund
  2134 | D:3      | Reached skill level 6 in Necromancy
  2134 | D:3      | Gained mutation: You heal very quickly. [Vine Stalker growth]
  2134 | D:3      | Reached XP level 6. HP: 25/28 MP: 0/13
  2350 | D:4      | Noticed Enish's ghost (average VSNe)
  2359 | D:4      | Killed Enish's ghost
  2377 | D:4      | Learned a level 2 spell: Blink
  2380 | D:4      | Learned a level 2 spell: Repel Missiles
  2408 | D:4      | Reached skill level 7 in Necromancy
  2618 | D:4      | Reached skill level 1 in Charms
  2618 | D:4      | Reached XP level 7. HP: 21/32 MP: 3/14
  2768 | D:4      | Noticed a water moccasin
  2778 | D:4      | Killed a water moccasin
  2779 | D:4      | HP: 1/32 [poisoned by a water moccasin]
  3003 | D:4      | Demolished by an ogre

Vault maps used:
D:1:      dpeg_arrival_pits, minmay_misc_feat_more_columns,
          hangedman_decor_riveting, feat_on_display
D:2:      cheibriados_altar_1, serial_co_window_serial, co_window_corner_a,
          co_window_paths_b, co_window_corner_a, co_window_corner_a,
          co_window_paths_b, co_window_cross_2, co_window_unsneaky_path_a,
          co_window_broadway_a, co_window_2corner, co_window_4corner_b,
          glass_columns_c, glass_columns_b, glass_columns_a, minivault_11
D:3:      amethyst_overflow_temple_binary, uniq_sigmund, uniq_terence
D:4:      elyvilon_altar_1

Action                   |  1- 3 |  4- 6 |  7- 9 || total
-------------------------+-------+-------+-------++-------
Melee: Dagger            |    55 |    28 |       ||    83
       Hand axe          |       |     2 |    13 ||    15
 Cast: Pain              |    39 |    53 |     9 ||   101
       Animate Skeleton  |    10 |    11 |       ||    21
       Vampiric Draining |       |     9 |     3 ||    12
       Blink             |       |       |     3 ||     3
  Use: Scroll            |     6 |     3 |       ||     9
       Potion            |       |     1 |     1 ||     2
 Stab: Sleeping          |     1 |       |       ||     1
  Eat: Chunk             |     1 |     5 |       ||     6
       Meat ration       |       |       |     1 ||     1
